 Dungeon Crawl Stone Soup version 0.28-a0-32-g8dfe7f97f6 (webtiles) character file.

Game seed: 11947732588863271815

12279 joemoben the Cleaver (level 11, 0/104 HPs)
             Began as a Minotaur Berserker on July 28, 2021.
             Was a High Priest of Trog.
             Slain by an ogre mage (13 damage)
             ... on level 2 of the Orcish Mines.
             The game lasted 00:39:47 (7444 turns).

joemoben the Cleaver (Minotaur Berserker)           Turns: 7444, Time: 00:39:47

Health: 0/104      AC: 18    Str: 22    XL:     11   Next: 60%
Magic:  10/10      EV:  8    Int: 12    God:    Trog [*****.]
Gold:   618        SH:  0    Dex: 11    Spells: 10/10 levels left

rFire   . . .      SeeInvis .   b - +4 hand axe (freeze)
rCold   . . .      Faith    .   (no shield)
rNeg    . . .      Spirit   .   H - +0 plate armour
rPois   .          Reflect  .   (helmet restricted)
rElec   .          Harm     .   (no cloak)
rCorr   .          Rampage  .   D - +1 pair of gloves
Will    ++...                   w - +0 pair of boots
Stlth   ..........              m - amulet of regeneration
HPRegen 2.27/turn               A - +6 ring of intelligence
MPRegen 0.12/turn               (no ring)

@: confused, ambrosia-drunk, strong-willed, on berserk cooldown, regenerating,
slowed, very slow
A: horns 2, retaliatory headbutt
a: Renounce Religion, Berserk, Trog's Hand, Brothers in Arms


You were on level 2 of the Orcish Mines.
You worshipped Trog.
Trog was extremely pleased with you.
You visited 2 branches of the dungeon, and saw 11 of its levels.
You also visited: Sewer.

You collected 618 gold pieces.

Inventory:

Hand Weapons
 a - a +0 hand axe
 b - a +4 hand axe of freezing (weapon)
 h - a +0 war axe
Missiles
 d - 122 stones (quivered)
 i - 7 throwing nets
 K - 3 curare-tipped darts
Armour
 r - a +0 troll leather armour {Purgy}
 w - a +0 pair of boots (worn)
 D - a +1 pair of gloves (worn)
 H - a +0 plate armour (worn)
 J - a +0 troll leather armour
Jewellery
 m - an amulet of regeneration (around neck)
 p - a ring of see invisible
 x - an amulet of magic regeneration
 y - an amulet of reflection
 A - a +6 ring of intelligence (left hand)
 G - an amulet of guardian spirit
 I - a +6 ring of intelligence
Wands
 l - a wand of paralysis (22)
 C - a wand of iceblast (27)
 L - a wand of polymorph (12)
Scrolls
 e - 2 scrolls of enchant armour {unknown}
 g - 4 scrolls of magic mapping {unknown}
 k - 5 scrolls of enchant weapon {unknown}
 o - a scroll of brand weapon {unknown}
 q - 3 scrolls of noise {unknown}
 t - 3 scrolls of teleportation
 u - a scroll of fog {unknown}
 E - a scroll of amnesia {unknown}
Potions
 c - 2 potions of lignification
 f - 4 potions of attraction
 j - a potion of brilliance
 n - 2 potions of resistance
 s - a potion of heal wounds {unknown}
 v - 2 potions of curing {unknown}
 z - 2 potions of flight {unknown}
 B - a potion of mutation {unknown}
 F - 2 potions of ambrosia


   Skills:
 + Level 11.7 Fighting
 + Level 14.5 Axes
 + Level 10.7 Armour
 + Level 5.5 Dodging
 + Level 2.2 Stealth


You had 10 spell levels left.
You didn't know any spells.
Your spell library contained the following spells:

 Spells                   Type           Power      Damage    Failure   Level
 Ignite Poison            Fire/Tmut/Pois 0%         N/A       100%        3
 Mephitic Cloud           Conj/Pois/Air  0%         N/A       100%        3
 Bolt of Magma            Conj/Fire/Erth 0%         4d4       100%        5


Dungeon Overview and Level Annotations

Branches:
Dungeon (9/15)             Temple (0/1) D:4             Orc (2/2) D:9
  Sewer (visited)
   Lair: D:8-11         Elf: Orc:2

Altars:
Cheibriados
Fedhas
Gozag
Nemelex Xobeh
Uskayaw
Vehumet
Wu Jian
The Shining One

Shops:
D:3 (   Orc:2 *


Innate Abilities, Weirdness & Mutations

You have a pair of horns on your head.
You reflexively headbutt those who attack you in melee.


Message History

Press: ? - help, Dir - move target, f - you
Okay, then.
Aiming: Paralyse
Press: ? - help, Shift-Dir - straight line Nothing appears to happen.
The ogre mage gestures at something while chanting.
You hear some strange, mumbled words.
A bolt of magma appears from out of thin air!
The bolt of magma misses you.
The ogre mage hits you but does no damage.
Your skin crawls.
You feel strong-willed. Something hits you but does no damage.
The ogre mage hits you from afar with a +0 halberd.
A two-headed ogre comes into view.
It is wielding a +0 giant club and a +0 dire flail.
Something hits you but does no damage. The ogre mage closely misses you.
The two-headed ogre shouts in stereo!
You hit something. You freeze something. You headbutt something!
You hear a shout! x2
Something hits you!
The ogre mage hits you but does no damage.
Something hits you but does no damage.
You closely miss something. You headbutt something.
The ogre mage casts a spell.
The ogre mage flickers and vanishes!
You hear some strange, mumbled words.
A bolt of magma appears from out of thin air!
The bolt of magma hits you! Something hits you.
You hit something. You freeze something.
You hear some strange, mumbled words.
A bolt of magma appears from out of thin air!
The bolt of magma hits you!!
* * * LOW HITPOINT WARNING * * *
Something hits you!
* * * LOW HITPOINT WARNING * * *
Something hits you but does no damage.
It was a potion of ambrosia.
You are confused.
You feel invigorated. Something hits you!
You die...

.....# ##.## .....###...##
..#.#.#...#.## .............#
......#......##
....##....#...####
.........##..###.## #..#
.........))...#).)# #..# O..#
..........#....#@## #..# ...#
..........##....{.# ##..## OO.#
.........####....{###....###O.###
........## ##...O.#.............
.......#######......#............
.....#.#.#.#...........O.........
.................................
....#....#..............$........
.......#####.....................


You could see a two-headed ogre.

Vanquished Creatures
  Azrael (Orc:2)
  Harold (D:9)
  3 two-headed ogres (Orc:2)
  A deep elf pyromancer (D:9)
  2 cyclopes
  A troll (D:9)
  7 yaks
  A wyvern (D:9)
  A vampire (D:9)
  A steam dragon (D:7)
  4 fire elementals (Orc:2)
  2 hell hounds (Orc:2)
  2 water moccasins
  Purgy (Sewer)
  3 ice beasts
  A sky beast (D:5)
  8 orc warriors
  2 necrophages
  A black bear (D:7)
  A hornet zombie (D:6)
  6 ogres
  2 centaurs
  A phantom (D:3)
  3 kobold brigands (D:9)
  3 bullfrogs
  A wyvern zombie (D:7)
  A gnoll sergeant (D:9)
  3 scorpions
  A water moccasin skeleton (D:6)
  7 wights (D:9)
  5 howler monkeys
  2 centaur zombies
  3 hounds (D:6)
  A jelly (D:7)
  A bullfrog skeleton (D:6)
  2 gnoll shamans (D:7)
  5 orc priests
  5 iguanas
  8 orc wizards
  A hound skeleton (D:4)
  A howler monkey zombie (D:9)
  13 gnolls
  5 adders
  A white imp (D:7)
  2 adder skeletons (D:4)
  A worm (D:5)
  43 orcs
  3 bats (D:3)
  10 endoplasms
  2 giant cockroaches
  3 hobgoblins (D:1)
  16 jackals
  9 kobolds
  5 quokkas
  7 ball pythons
  A frilled lizard (D:1)
  6 goblins
  5 rats
238 creatures vanquished.

Vanquished Creatures (collateral kills)
  A cyclops (D:8)
  A hell hound (Orc:2)
  An ogre (D:9)
  4 wights (D:8)
  A gnoll (D:9)
8 creatures vanquished.

Grand Total: 246 creatures vanquished

Notes
Turn   | Place    | Note
-------+----------+-------------------------------------------
     0 | D:1      | joemoben the Minotaur Berserker began the quest for the
                  | Orb.
     0 | D:1      | Reached XP level 1. HP: 19/19 MP: 0/0
    18 | D:1      | Reached skill level 4 in Axes
    18 | D:1      | Reached XP level 2. HP: 16/27 MP: 1/1
   436 | D:1      | Reached ** piety under Trog
   564 | D:1      | Reached XP level 3. HP: 31/33 MP: 2/2
  1316 | D:3      | Found a glowing drain.
  1505 | D:3      | Found Ifesum's Antique Weapon Emporium.
  1536 | Sewer    | Entered a sewer
  1715 | Sewer    | Noticed Purgy
  1726 | Sewer    | Killed Purgy
  1727 | Sewer    | Reached skill level 5 in Fighting
  1727 | Sewer    | Reached skill level 5 in Axes
  1727 | Sewer    | Reached XP level 4. HP: 36/42 MP: 3/3
  1727 | Sewer    | Reached XP level 5. HP: 41/48 MP: 4/4
  2013 | D:3      | Noticed a phantom
  2023 | D:3      | Killed a phantom
  2024 | D:3      | Reached skill level 6 in Axes
  2025 | D:3      | Reached skill level 1 in Stealth
  2326 | D:4      | Reached XP level 6. HP: 35/56 MP: 5/5
  2423 | D:4      | Reached *** piety under Trog
  2440 | D:4      | Found a snail-covered altar of Cheibriados.
  2443 | D:4      | Found a hide-covered altar of Uskayaw.
  2444 | D:4      | Found an ornate altar of the Wu Jian Council.
  2453 | D:4      | Found a glowing golden altar of the Shining One.
  2457 | D:4      | Found an opulent altar of Gozag.
  2474 | D:4      | Found a staircase to the Ecumenical Temple.
  2703 | D:4      | Reached skill level 7 in Axes
  2712 | D:4      | Reached XP level 7. HP: 62/62 MP: 6/6
  3416 | D:5      | Entered Level 5 of the Dungeon
  3883 | D:5      | Reached skill level 8 in Axes
  4149 | D:5      | Reached XP level 8. HP: 70/71 MP: 7/7
  4364 | D:6      | Found a radiant altar of Vehumet.
  4364 | D:6      | Found a blossoming altar of Fedhas.
  4406 | D:6      | Reached skill level 9 in Axes
  4580 | D:6      | Reached **** piety under Trog
  4878 | D:7      | Reached skill level 10 in Axes
  4881 | D:7      | Reached skill level 5 in Armour
  4925 | D:7      | Reached XP level 9. HP: 70/81 MP: 8/8
  5097 | D:7      | Reached skill level 5 in Dodging
  5225 | D:7      | Reached skill level 11 in Axes
  5715 | D:8      | Reached ***** piety under Trog
  5740 | D:8      | Reached skill level 12 in Axes
  5760 | D:8      | Noticed a cyclops
  5762 | D:8      | Killed a cyclops
  5763 | D:8      | Reached XP level 10. HP: 90/91 MP: 9/9
  6369 | D:9      | Found a staircase to the Orcish Mines.
  6485 | D:9      | Reached skill level 10 in Fighting
  6515 | D:9      | Noticed Harold
  6529 | D:9      | Killed Harold
  6530 | D:9      | Reached skill level 13 in Axes
  6581 | D:9      | Noticed a deep elf pyromancer
  6594 | D:9      | Killed a deep elf pyromancer
  6644 | D:9      | Found a sparkling altar of Nemelex Xobeh.
  7032 | Orc:1    | Entered Level 1 of the Orcish Mines
  7116 | Orc:1    | Noticed a cyclops
  7126 | Orc:1    | Killed a cyclops
  7199 | Orc:2    | Entered Level 2 of the Orcish Mines
  7199 | Orc:2    | Noticed a cyclops
  7204 | Orc:2    | Noticed Azrael
  7211 | Orc:2    | Killed a cyclops
  7212 | Orc:2    | Reached XP level 11. HP: 90/101 MP: 10/10
  7219 | Orc:2    | Killed Azrael
  7220 | Orc:2    | Reached skill level 10 in Armour
  7225 | Orc:2    | Reached skill level 14 in Axes
  7302 | Orc:2    | Found Upsow's Assorted Antiques.
  7383 | Orc:2    | Noticed a two-headed ogre
  7384 | Orc:2    | Noticed a two-headed ogre
  7385 | Orc:2    | Noticed a two-headed ogre
  7403 | Orc:2    | Killed a two-headed ogre
  7414 | Orc:2    | Killed a two-headed ogre
  7416 | Orc:2    | Killed a two-headed ogre
  7429 | Orc:2    | Noticed an ogre mage
  7436 | Orc:2    | Noticed an ogre mage
  7440 | Orc:2    | Noticed a two-headed ogre
  7443 | Orc:2    | HP: 3/104 [something (8)]
  7444 | Orc:2    | Slain by an ogre mage

Illustrated notes

Levels and vault maps discovered:
D:1:      scummos_arrival_star, layout_rooms
D:2:      layout_rooms
D:3:      layout_basic, portal_sewer_entry_d, serial_shops, shop
D:4:      layout_layer_cave, minmay_overflow_temple_star_hex,
          minmay_temple_entry_mini_moons
D:5:      layout_basic, amethyst_killhole
D:6:      layout_cave_pools, grunt_temple_overflow_open
D:7:      layout_gridville
D:8:      layout_cave_pools
D:9:      layout_irregular_city, nemelex_xobeh_ov_fountains_minmay,
          kennysheep_orc_monster_closet_entryway, uniq_harold
Orc:1:    layout_diamond_mine, special_room [special_room_orc]
Orc:2:    st_orc_ogre_mass, layout_caves, serial_shops, shop_fountains,
          nicolae_orc_bridge_out, minmay_orc_temple_c, uniq_azrael

Skill      XL: |  1  2  3  4  5  6  7  8  9 10 11 |
---------------+----------------------------------+-----
Axes           | 4 5 6 7 8 10 12 13 14 | 14.5
Fighting       | 4 5 6 7 9 10 11 | 11.7
Dodging        | 3 4 5 |  5.5
Stealth        | 1 2 |  2.2
Armour         | 3 4 5 7 9 10 | 10.7

Action                   |  1- 3 |  4- 6 |  7- 9 | 10-12 || total
-------------------------+-------+-------+-------+-------++-------
Melee: Hand axe          |    98 |    73 |    25 |   205 ||   401
       Headbutt          |    10 |    13 |    53 |    46 ||   122
       War axe           |       |       |   221 |       ||   221
Invok: Berserk           |     1 |     2 |     4 |     4 ||    11
       Trog's Hand       |       |       |     1 |     1 ||     2
       Brothers in Arms  |       |       |     1 |     2 ||     3
Evoke: Wand              |       |       |       |     2 ||     2
  Use: Scroll            |       |     3 |     4 |       ||     7
       Potion            |       |       |     2 |     1 ||     3
Armor: Animal skin       |    15 |       |       |       ||    15
       Troll leather arm |       |    18 |    20 |       ||    38
       Scale mail        |       |       |    33 |       ||    33
       Plate armour      |       |       |    66 |   112 ||   178
Dodge: Dodged            |    77 |    51 |   106 |    48 ||   282

Table legend: (Time is in decaauts)
 A = Elapsed time spent in this place.
 B = Non-inter-level travel time spent in this place.
 C = Inter-level travel time spent in this place.
 D = Time resting spent in this place.
 E = Time spent auto-exploring this place.
 F = Levels seen in this place.
 G = Mean time per level.
                   A        B        C        D        E       F      G
               +--------+--------+--------+--------+--------+-----+--------+
         Total |   7472 |   7387 |     85 |    363 |   4468 |  12 |  622.7 |
       Dungeon |   6694 |   6609 |     85 |    363 |   4165 |   9 |  743.8 |
  Orcish Mines |    391 |    391 |      0 |      0 |    188 |   2 |  195.5 |
         Sewer |    386 |    386 |      0 |      0 |    115 |   1 |  386.0 |
               +--------+--------+--------+--------+--------+-----+--------+

Top non-repeatable levels by time:
     D:4: 1104 daAuts
     D:5: 953 daAuts
     D:9: 902 daAuts
     D:3: 865 daAuts
     D:1: 768 daAuts
     D:7: 755 daAuts
     D:6: 505 daAuts
     D:8: 490 daAuts
   Sewer: 386 daAuts
     D:2: 348 daAuts
   Orc:2: 226 daAuts
   Orc:1: 164 daAuts
